 Dungeon Sprint DCSS version 0.27.1-34-g3ba077fa99 (webtiles) character file.

Game seed: 15721491005642155554

444 Karpo the Unseen (level 6, -3/26 (28) HPs)
             Began as a Spriggan Enchanter on Feb 4, 2022.
             Was an Initiate of Dithmenos.
             Slain by Sonja (4 damage)
             ... in the Dungeon (Sprint I: "Red Sonja").
             The game lasted 00:01:32 (278 turns).

Karpo the Unseen (Spriggan Enchanter)                Turns: 278, Time: 00:01:33

HP:   -3/26 (28)    AC:  2    Str:  4    XL:     6   Next: 72%
MP:   9/11          EV: 17    Int: 18    God:    Dithmenos [......]
Gold: 309           SH:  0    Dex: 16    Spells: 7/10 levels left

rFire    . . .     SeeInvis +   a - +1 dagger
rCold    . . .     Faith    .   (shield restricted)
rNeg     . . .     Spirit   .   b - +0 robe
rPois    .         Reflect  .   (helmet restricted)
rElec    .         Harm     .   (no cloak)
rCorr    .         Rampage  .   (gloves unavailable)
Will     +....     NoTele   +   (boots unavailable)
Stlth    ++++++++..             (no amulet)
HPRegen  0.08/turn              (no ring)
MPRegen  0.12/turn              (no ring)

@: slowed, drained, quick
A: very small, no large weapons, unfitting armour, see invisible, speed 3
a: Renounce Religion


You were in the Dungeon.
You worshipped Dithmenos.
Dithmenos was noncommittal.
You visited 1 branch You collected 309 gold pieces.

Inventory:

Hand Weapons
 a - a +1 dagger (weapon)
Armour
 b - a +0 robe (worn)
Wands
 g - a wand of flame (23)
Scrolls
 h - a scroll of blinking
Potions
 d - a potion of heal wounds
 e - a potion of haste
 f - 2 potions of magic
 i - a potion of lignification {unknown}


   Skills:
 - Level 1.1 Short Blades
 - Level 2.6 Dodging
 + Level 20.3 Stealth
 - Level 2.6 Spellcasting
 - Level 3.6 Hexes


You had 7 spell levels left.
You knew the following spells:

 Your Spells              Type           Power      Damage    Failure   Level
a - Corona                Hex            16%        N/A       3%          1
b - Ensorcelled Hibernat  Hex/Ice        16%        N/A       12%         2

Your spell library contained the following spells:

 Spells                   Type           Power      Damage    Failure   Level
 Confusing Touch          Hex            15%        N/A       12%         3
 Tukima's Dance           Hex            15%        N/A       12%         3
 Dazzling Flash           Conj/Hex       16%        N/A       24%         3


Dungeon Overview and Level Annotations

Branches:
Dungeon (1/1)

Altars:
Cheibriados
Dithmenos
Elyvilon
Fedhas
Gozag
Hepliaklqana
Kikubaaqudgha
Nemelex Xobeh
Okawaru
Qazlal
Ru
Sif Muna
Trog
Uskayaw
Vehumet
Wu Jian
Yredelemnul
Zin
The Shining One

Shops:
D *

Annotations:
D Sonja


Innate Abilities, Weirdness & Mutations

You are very small and have problems with some larger weapons.
You are too small for most types of armour.
You have supernaturally acute eyesight. (SInv)
You cover ground extremely quickly. (Speed+++)


Message History

There is a shadowy altar of Dithmenos here.
You kneel at the altar of Dithmenos.
Dithmenos welcomes you!
There is a hide-covered altar of Uskayaw here.
There is an entrance to Irughamu's Assorted Antiques here.
You can access your shopping list by pressing '$'.
You see here a yak corpse.
There is an open door here.
You open the door.
Sonja, the Graceful Assassin comes into view.
She is wielding a +0 dagger of draining, quivering curare-tipped darts and carrying a wand of flame (9).
Sonja shouts!
Sonja zaps a wand.
The puff of flame hits you.
Sonja throws a curare-tipped dart.
The curare-tipped dart hits you.
You are poisoned.
You have difficulty breathing.
You feel yourself slow down.
Found 108 gold pieces.
You feel very sick.
Sonja throws a curare-tipped dart.
The curare-tipped dart hits you.
You are more poisoned.
You have difficulty breathing.
* * * LOW HITPOINT WARNING * * *
You feel as though you will be slow longer.
There is a radiant altar of Vehumet here.
Which direction?
You close the door.
* * * LOW HITPOINT WARNING * * *
You feel very sick.
You feel better.
Sonja opens the door.
Cast which spell? (? or * to list)
Aiming: Ensorcelled Hibernation (safe; 12% risk of failure)
Press: ? - help, Shift-Dir - straight line, f - Sonja
Aim: Sonja, wielding a +0 dagger of draining, quivering curare-tipped darts and carrying a wand of flame (8) (chance to affect: 49%) Sonja resists with some effort.
Sonja closely misses you.
Sonja hits you with a +0 dagger of draining.
* * * LOW HITPOINT WARNING * * *
You feel drained.
* * * LOW HITPOINT WARNING * * *
Sonja misses you. Sonja completely misses you. x2
Sonja hits you with a +0 dagger of draining.
You die...

################
#<.#.)'..#.)'..#
#..'..#.)'..#..+
#..#####'#####'#
#..####..#...#.#
#..#__####..##)#
#..#_____##'#_.+
#⌠⌠#_.∩..†'..._#
####_..__##@.#+#
#_____###K#
####### #.# $.$
$.$# ##.## #+#


You could see Sonja.

Vanquished Creatures
  Sigmund (D)
  A yak (D)
  An ogre (D)
  A jelly (D)
  Ijyb (D)
5 creatures vanquished.

Notes
Turn   | Place    | Note
-------+----------+-------------------------------------------
     0 | D        | Karpo the Spriggan Enchanter began the quest for the Orb.
     0 | D        | Reached XP level 1. HP: 9/9 MP: 5/5
     2 | D        | Noticed Ijyb
    11 | D        | Killed Ijyb
    12 | D        | Reached skill level 10 in Stealth
    12 | D        | Reached XP level 2. HP: 7/13 MP: 6/6
   194 | D        | Learned a level 2 spell: Ensorcelled Hibernation
   194 | D        | Noticed an ogre
   197 | D        | Killed an ogre
   198 | D        | Reached skill level 14 in Stealth
   198 | D        | Reached XP level 3. HP: 16/16 MP: 8/8
   198 | D        | Reached XP level 4. HP: 21/21 MP: 9/9
   206 | D        | Noticed Sigmund
   209 | D        | Killed Sigmund
   210 | D        | Reached skill level 18 in Stealth
   210 | D        | Reached XP level 5. HP: 24/24 MP: 10/10
   222 | D        | Found a shimmering blue altar of Sif Muna.
   223 | D        | Found an ornate altar of the Wu Jian Council.
   224 | D        | Found a radiant altar of Vehumet.
   229 | D        | Reached XP level 6. HP: 28/28 MP: 11/11
   252 | D        | Found Irughamu's Assorted Antiques.
   252 | D        | Found an ancient bone altar of Kikubaaqudgha.
   252 | D        | Found a hazy altar of Hepliaklqana.
   252 | D        | Found a hide-covered altar of Uskayaw.
   252 | D        | Found a basalt altar of Yredelemnul.
   252 | D        | Found an opulent altar of Gozag.
   252 | D        | Found a snail-covered altar of Cheibriados.
   252 | D        | Found a sacrificial altar of Ru.
   252 | D        | Found a shadowy altar of Dithmenos.
   252 | D        | Noticed a yak
   253 | D        | Found a stormy altar of Qazlal.
   253 | D        | Found a blossoming altar of Fedhas.
   253 | D        | Found a bloodstained altar of Trog.
   253 | D        | Found an iron altar of Okawaru.
   253 | D        | Found a glowing golden altar of the Shining One.
   253 | D        | Found a glowing silver altar of Zin.
   253 | D        | Found a white marble altar of Elyvilon.
   254 | D        | Killed a yak
   255 | D        | Reached skill level 20 in Stealth
   255 | D        | Found a sparkling altar of Nemelex Xobeh.
   261 | D        | Became a worshipper of Dithmenos the Shadowed
   274 | D        | Noticed Sonja
   276 | D        | HP: 1/28 [poisoned by Sonja (curare-tipped dart)]
   278 | D        | Slain by Sonja

Illustrated notes

Levels and vault maps discovered:
D:        dungeon_sprint_1 [red_sonja_temple_1, red_sonja_temple_small_1]

Skill      XL: |  1  2  3  4  5  6 |
---------------+-------------------+-----
Stealth        | 10 14 18 20 | 20.3
Short Blades   | |  1.1
Dodging        | |  2.6
Spellcasting   | |  2.6
Hexes          | |  3.6

Action                   |  1- 3 |  4- 6 || total
-------------------------+-------+-------++-------
Melee: Dagger            |     8 |     3 ||    11
 Cast: Ensorcelled Hiber |       |     1 ||     1
  Use: Potion            |     1 |     1 ||     2
 Stab: Sleeping          |     2 |     3 ||     5
Dodge: Dodged            |     3 |     4 ||     7
